 Dungeon Crawl Stone Soup version 0.31-a0-703-gcfe89afef6 (webtiles) character file.

Game seed: 17352992735144141222

129 qw the Shooter (level 5, -2/32 HPs)
             Began as a Gargoyle Hunter on Sept 8, 2023.
             Slain by a gnoll
             ... wielding a +1 spear of pain
              (7 damage)
             ... on level 3 of the Dungeon.
             The game lasted 00:00:46 (1304 turns).

qw the Shooter (Gargoyle Hunter)                    Turns: 1304, Time: 00:00:46

Health: -2/32      AC: 13    Str: 15    XL:     5   Next: 12%
Magic:  5/5        EV: 11    Int:  9    God:
Gold:   159        SH:  0    Dex: 15    Spells: 4/4 levels left

rFire   . . .        Y - +0 shortbow
rCold   . . .        (shield currently unavailable)
rNeg    + . .        h - +0 ring mail
rPois   inf          (no helmet)
rElec   +            (no cloak)
rCorr   .            (no gloves)
SInv    .            (no boots)
Will    .....        (no amulet)
Stlth   +            d - +4 ring of protection
HPRegen 0.25/turn    (no ring)
MPRegen 0.09/turn

%: no passive effects
@: no status effects
A: sickness immunity, AC +4, negative energy resistance 1, electricity
resistance, torment resistance 1, petrification resistance
a: no special abilities


You were on level 3 of the Dungeon.
You visited 1 branch of the dungeon, and saw 3 of its levels.

You collected 159 gold pieces.


Innate Abilities, Weirdness & Mutations

You are immune to sickness and miasma.
Your stone body is resilient. (AC +4)
You are immune to poison.
You resist negative energy. (rN+)
You are resistant to electric shocks. (rElec)
You are resistant to unholy torment.
You are immune to petrification.


   Skills:
 - Level 3.2 Fighting
 + Level 5.4 Ranged Weapons
 - Level 1.9 Armour
 - Level 1.5 Dodging
 - Level 1.1 Stealth


You had 4 spell levels left.
You didn't know any spells.
Your spell library was empty.

Inventory:

Hand Weapons
 Y - a +0 shortbow (weapon)
Armour
 h - a +0 ring mail (worn)
Jewellery
 d - a +4 ring of protection (left hand)
Scrolls
 c - a scroll of blinking {unknown}
Potions
 a - a potion of mutation {unknown}
 b - a potion of magic {unknown}
 e - a potion of brilliance {unknown}
 f - 2 potions of curing {unknown}

Dungeon Overview and Level Annotations

Branches:
Dungeon (3/15)

Altars:
Gozag

Annotations:
D:2 1 runed translucent door, Crazy Yiuf


Message History

You shoot an arrow. The arrow closely misses the gnoll. x2
The gnoll hits you but does no damage. x2
You shoot an arrow. The arrow hits the gnoll.
The gnoll is moderately wounded.
The gnoll hits you from afar with a +1 spear of pain.
The gnoll closely misses you.
You shoot an arrow. The arrow hits the gnoll.
The gnoll is heavily wounded.
The gnoll hits you but does no damage. The gnoll completely misses you.
The gnoll closely misses you.
You shoot an arrow. The arrow hits the gnoll.
The gnoll is almost dead.
The gnoll closely misses you.
The gnoll hits you but does no damage. x2
You shoot an arrow. The arrow hits the gnoll.
You kill the gnoll!
The gnoll barely misses you.
You shoot an arrow. The arrow closely misses the gnoll.
The gnoll hits you but does no damage.
You shoot an arrow. The arrow barely misses the gnoll.
The gnoll hits you from afar with a +1 spear of pain.
You shoot an arrow. The arrow hits the gnoll.
The gnoll is lightly wounded.
The gnoll hits you but does no damage. The gnoll misses you.
You shoot an arrow. The arrow closely misses the gnoll.
The gnoll hits you but does no damage.
You shoot an arrow. The arrow closely misses the gnoll.
The gnoll closely misses you.
You shoot an arrow. The arrow hits the gnoll!
The gnoll is heavily wounded.
The gnoll hits you from afar with a +1 spear of pain.
You shoot an arrow. The arrow closely misses the gnoll.
The gnoll hits you but does no damage. The gnoll closely misses you.
You shoot an arrow. The arrow barely misses the gnoll.
The gnoll hits you from afar with a +1 spear of pain.
You shoot an arrow. The arrow barely misses the gnoll.
The gnoll barely misses you.
You shoot an arrow. The arrow hits the gnoll.
The gnoll is almost dead.
The gnoll hits you from afar with a +1 spear of pain!
You die...

#.###.#.#.#.#.#.# #.#..#
#.##.#.#.#.#.#.## #.#<##
..##################.#.#
### #.......#.# #.##
####.###.###.# .#.##
#....# #.....# ###.##
#.##.###.##### # ##.#
#.##.....#
##..######.####@###
#...>......# ##)##
.....######.# #.g.#
..#.## #.# #...# ..#.
#.#....... . ..
#........... ....
#......|..#g.. ...#
#..##...### 8. ...
#..##...# .


You could see a gnoll.

Vanquished Creatures
  A jelly (D:3)
  3 gnolls (D:3)
  An adder (D:2)
  2 dart slugs
  3 orcs (D:2)
  3 ball pythons
  2 bats (D:2)
  4 endoplasms
  5 giant cockroaches
  A goblin (D:2)
  7 hobgoblins
  4 jackals (D:2)
  3 quokkas (D:2)
  2 frilled lizards
  4 kobolds
  4 rats
49 creatures vanquished.

Notes
Turn   | Place    | Note
-------+----------+-------------------------------------------
     0 | D:1      | qw the Gargoyle Hunter began the quest for the Orb.
     0 | D:1      | Reached XP level 1. HP: 12/12 MP: 1/1
     0 | D:1      | 0 ||| qw: Version: 0.3-a-76-g4403597
     0 | D:1      | 0 ||| qw: Game counter: 1303
     0 | D:1      | 0 ||| qw: Melee chars always use a shield: true
     0 | D:1      | 0 ||| qw: God list: Okawaru
     0 | D:1      | 0 ||| qw: Allow faded altars: false
     0 | D:1      | 0 ||| qw: Do Orc after clearing Dungeon:15 true
     0 | D:1      | 0 ||| qw: Do second Lair branch before Depths: true
     0 | D:1      | 0 ||| qw: Lair rune preference: random
     0 | D:1      | 0 ||| qw: Goals: Normal
     0 | D:1      | 0 ||| PLANNING D:1-11
    57 | D:1      | 57 ||| PLANNING D:1-11
    98 | D:1      | Reached XP level 2. HP: 17/17 MP: 2/2
   412 | D:1      | 412 ||| READING scroll labelled WENNAJ JUCIDA.
   413 | D:1      | 413 ||| READING scroll labelled VYIPSU TUIHUIT.
   414 | D:1      | 414 ||| READING scroll labelled HEHOPL GOBEZO.
   415 | D:1      | 415 ||| DROPPING scroll of butterflies.
   438 | D:2      | Found an opulent altar of Gozag.
   450 | D:2      | 450 ||| STAIRDANCE
   490 | D:2      | Reached XP level 3. HP: 21/21 MP: 3/3
   495 | D:2      | Reached skill level 5 in Ranged Weapons
   497 | D:2      | 497 ||| FLEEEEING.
   503 | D:2      | 503 ||| STAIRDANCE
   561 | D:2      | HP: 5/22 [jackal (3)]
   564 | D:2      | HP: 2/22 [jackal (3)]
   761 | D:2      | Reached skill level 3 in Fighting
   763 | D:2      | Reached XP level 4. HP: 17/28 MP: 4/4
   983 | D:2      | Found a runed translucent door.
   984 | D:2      | Noticed Crazy Yiuf
   987 | D:2      | 987 ||| UPGRADING to +0 ring mail.
   997 | D:2      | 997 ||| DROPPING +0 leather armour.
   998 | D:2      | 998 ||| UPGRADING to +4 ring of protection.
   999 | D:2      | 999 ||| DROPPING ring of flight.
  1000 | D:2      | 1000 ||| READING scroll labelled LUDOUDWEDIBB.
  1148 | D:3      | Reached skill level 1 in Armour
  1275 | D:3      | 1275 ||| RETREATING.
  1285 | D:3      | Reached XP level 5. HP: 19/32 MP: 5/5
  1291 | D:3      | HP: 8/32 [gnoll/+1 spear of pain (3)]
  1300 | D:3      | HP: 7/32 [gnoll/+1 spear of pain (3)]
  1304 | D:3      | Slain by a gnoll

Levels and vault maps discovered:
D:1:      psy_arrival_whirlpool, layout_rooms
D:2:      layout_rooms, basic_altar, uniq_crazy_yiuf_cottage
D:3:      layout_loops_ring, mainiacjoe_overflow_catwalk, minivault_23

Skill      XL: |  1  2  3  4 |
---------------+-------------+-----
Ranged Weapons | 5 |  5.4
Fighting       | 3 |  3.2
Armour         | 1 |  1.9
Dodging        | |  1.5
Stealth        | |  1.1

Action                     |  1- 3 |  4- 6 || total
---------------------------+-------+-------++-------
   Fire: Shortbow          |   126 |    53 ||   179
    Use: Scroll            |     3 |     1 ||     4
 Armour: Leather armour    |    62 |       ||    62
         Ring mail         |       |    27 ||    27
  Dodge: Dodged            |    78 |    18 ||    96

Table legend:
 A = Non-vault XP
 B = Vault XP
 C = Vault XP percentage of total XP
 D = Non-vault monster count
 E = Vault monster count
 F = Vault count percentage of total count
                 A         B        C        D         E       F
            +---------+---------+-------+---------+---------+-------
      Total |     185 |       0 |   0.0 |      49 |       0 |   0.0
            +---------+---------+-------+---------+---------+-------
        D:1 |      22 |       0 |   0.0 |      13 |       0 |   0.0
        D:2 |      65 |       0 |   0.0 |      28 |       0 |   0.0
        D:3 |      98 |       0 |   0.0 |       8 |       0 |   0.0
            +---------+---------+-------+---------+---------+-------
